 Dungeon Crawl Stone Soup version 0.31-a0-354-g827e0957a7 (webtiles) character file.

Game seed: 16817364959781155034

71047 Midn8 the Brawler (level 14, -1/199 HPs)
             Began as a White Draconian Berserker on July 23, 2023.
             Was a High Priest of Trog.
             Succumbed to a guardian serpent's bolt of poison
             ... on level 1 of the Snake Pit.
             The game lasted 00:54:34 (23949 turns).

Midn8 the Brawler (White Draconian Berserker)      Turns: 23949, Time: 00:54:35

Health: -1/199     AC: 20    Str: 22    XL:     14   Next: 96%
Magic:  14/14      EV: 16    Int:  7    God:    Trog [*****.]
Gold:   1338       SH:  0    Dex: 14    Spells: 13/13 levels left

rFire   + .          .
                       - Unarmed
rCold   + + .        a - melded +0 buckler
rNeg    . . .        (body armour unavailable)
rPois   .            Z - +1 hat
rElec   .            R - scarf {rC+ rF+}
rCorr   .            F - melded +3 Mad Mage's Maulers {Infuse+∞ VampMP -Cast}
SInv    .            B - +2 pair of boots {rampage}
Will    +....        X - amulet of the acrobat Stlth
                     K - +4 ring of protection
HPRegen 0.53/turn    V - +4 ring of protection
MPRegen 0.14/turn

%: acrobat, rampage
@: berserking (expiring), lethally poisoned (-1 -> -10), blade hands, very quick
A: breathe frost, AC +8, unfitting armour, cold resistance 1, cold-blooded
a: Breathe Frost, Begin Untransformation, Renounce Religion, Berserk, Trog's
Hand, Brothers in Arms


You were on level 1 of the Snake Pit.
You worshipped Trog.
Trog was extremely pleased with you.
You had blades for hands.
You visited 4 branches of the dungeon, and saw 20 of its levels.
You also visited: Ice Cave.

You collected 1842 gold pieces.
You spent 504 gold pieces at shops.

Inventory:

Hand Weapons
 U - a +4 sling of freezing
Missiles
 d - 45 poisoned darts
 g - 11 javelins
 j - 8 throwing nets
 k - 5 boomerangs (quivered)
 s - 5 boomerangs of dispersal
 u - 7 silver boomerangs
 x - 9 curare-tipped darts
 y - 8 atropa-tipped darts
Armour
 a - a +0 buckler (melded)
 B - a +2 pair of boots of rampaging (worn)
 F - the +3 Mad Mage's Maulers (melded) {Infuse+∞ VampMP -Cast}
   (You found it on level 7 of the Dungeon)

   Infuse+∞: It empowers its wearer's blows with all of their magic.
   VampMP:    Blows struck in melee replenish the wearer's magic.
   -Cast:     It prevents spellcasting.
 R - a scarf of resistance (worn)
 Z - a +1 hat (worn)
Jewellery
 K - a +4 ring of protection (left blade hand)
 V - a +4 ring of protection (right blade hand)
 X - an amulet of the acrobat (around neck)
 Y - a +4 ring of slaying
Talismans
 W - a blade talisman
Wands
 t - a wand of digging (2)
 z - a wand of charming (24)
 H - a wand of polymorph (23)
 L - a wand of mindburst (24)
 N - a wand of flame (2)
 O - a wand of acid (2)
 P - a wand of iceblast (10)
Scrolls
 b - 5 scrolls of teleportation
 e - a scroll of blinking
 m - 2 scrolls of silence
 n - 5 scrolls of fog
 q - 7 scrolls of revelation
 r - 3 scrolls of vulnerability
 w - 7 scrolls of enchant weapon
 C - a scroll of acquirement
 D - 2 scrolls of fear
 E - a scroll of summoning
 J - a scroll of poison
 M - 2 scrolls of immolation
Potions
 c - 5 potions of enlightenment
 f - 3 potions of haste
 h - 7 potions of attraction
 i - 8 potions of curing
 l - 3 potions of magic
 o - 2 potions of cancellation
 p - a potion of invisibility
 v - 3 potions of lignification
 A - a potion of ambrosia
 G - 3 potions of berserk rage
 I - 3 potions of mutation
 Q - a potion of might
 S - 2 potions of resistance
 T - 5 potions of heal wounds


   Skills:
 + Level 14.7 Fighting
 - Level 4.0 Throwing
 + Level 9.7 Dodging
 - Level 4.0 Shields
 - Level 16.4 Unarmed Combat
 - Level 7.0 Evocations
 - Level 9.0 Shapeshifting


You had 13 spell levels left.
You didn't know any spells.
Your spell library was empty.

Dungeon Overview and Level Annotations

Branches:
Dungeon (12/15)            Temple (0/1) D:4            Lair (5/5) D:11
  Swamp (0/4) Lair:3        Snake (1/4) Lair:3        Slime (0/5) Lair:4
    Orc (2/2) D:10            Elf (0/3) Orc:2         IceCv (visited)

Altars:
Cheibriados
Fedhas
Makhleb
Nemelex Xobeh
Ru
Uskayaw
Vehumet
Xom
Yredelemnul
The Shining One
Jiyva

Shops:
D:5 =   D:6 (   Orc:2 *(:(

Annotations:
D:10 3 runed translucent doors, Wiilli's ghost, journeyman GrEE
Lair:4 1 runed translucent door


Innate Abilities, Weirdness & Mutations

You have blades for hands.
Your spellcasting is less reliable in this form.
You are incapable of wielding weapons or throwing items.
You can breathe waves of freezing cold which knock back foes.
Your icy white scales are hard. (AC +8)
You cannot fit into any form of body armour.
Your flesh is cold resistant. (rC+)
You are cold-blooded and may be slowed by cold attacks.


Message History

Trog accepts your kill.
Trog appreciates your killing of a magic user.
You hit the naga warrior. You tail-slap the naga warrior!
The naga warrior is moderately wounded.
You feel sick. The naga hits you with a +0 trident.
* * * LOW HITPOINT WARNING * * *
The naga constricts you.
* * * LOW HITPOINT WARNING * * *
The naga warrior blocks your attack.
Your tail-slap misses the naga warrior.
The naga warrior is moderately wounded.
You feel sick.
The naga warrior blocks your troll's attack.
Your troll completely misses the naga warrior.
The naga warrior blocks your troll's attack.
The naga warrior hits you with a +0 war axe!
* * * LOW HITPOINT WARNING * * *
The naga warrior closely misses your troll.
The naga warrior blocks your attack.
The naga warrior is moderately wounded.
* * * LOW HITPOINT WARNING * * *
You feel sick.
Your troll closely misses the naga warrior.
Your troll claws the naga warrior.
Your troll claws the naga warrior!
Unknown command.
You shred the naga warrior!!!
You kill the naga warrior!
Trog accepts your kill.
* * * LOW HITPOINT WARNING * * *
You feel sick. The naga hits you with a +0 trident.
* * * LOW HITPOINT WARNING * * *
The naga constricts you.
* * * LOW HITPOINT WARNING * * *
You closely miss the naga.
Your tail-slap misses the naga.
* * * LOW HITPOINT WARNING * * *
You feel sick.
You are too berserk!
You slice the naga!!
You kill the naga!
Trog accepts your kill.
You die...

..........
.><.................
.......#.....$...#.#####
.................#......
........................
........................
........................
................T)......
................@#
........#......))###
######.............###..
#..................
#............####..
#.....†.....##
##.........##
##.......## ##.....##


You could see a friendly troll (summoned, berserk, poisoned).

Vanquished Creatures
  Gastronok (Lair:3)
  A reaper (IceCv)
  An ettin (Orc:1)
  Harold (D:10)
  4 hydras
  3 boulder beetles
  A catoblepas (Lair:5)
  A naga warrior (Snake:1)
  2 two-headed ogres (Orc:1)
  A shock serpent (Snake:1)
  A deep troll shaman (Lair:5)
  4 death yaks (Lair:5)
  Urug (D:10)
  Sonja (Orc:1)
  Amaemon (Lair:2)
  A skyshark (Lair:2)
  A lindwurm (Lair:3)
  2 deep elf pyromancers (D:12)
  11 orc knights
  An oklob plant (D:11)
  A mana viper (Snake:1)
  An orc sorcerer (Orc:2)
  3 cyclopes
  2 ugly things (D:12)
  A manticore (D:12)
  12 elephants
  A salamander (Snake:1)
  6 black mambas
  A gargoyle (D:11)
  An ice statue (IceCv)
  An orange demon (Lair:2)
  Maggie (D:10)
  10 cane toads
  Psyche (D:10)
  3 rime drakes
  12 komodo dragons
  A polar bear (Lair:4)
  7 trolls
  A hornet (D:8)
  6 blink frogs
  Sigmund (D:7)
  2 dire elephant simulacra (IceCv)
  68 yaks
  A vampire (D:10)
  2 wraiths
  2 wyverns
  3 basilisks
  2 steam dragons
  3 death yak simulacra (IceCv)
  5 vampire mosquitoes
  Menkaure (D:7)
  2 harpy simulacra (IceCv)
  9 wargs
  A swamp worm (Lair:3)
  2 acid dragons
  3 hydra simulacra (IceCv)
  6 nagas
  17 water moccasins
  33 orc warriors
  An ice beast (D:8)
  2 sky beasts (D:6)
  5 ogres
  6 black bears
  16 wolves
  7 centaurs
  A kobold brigand (D:10)
  10 bullfrogs
  3 scorpions (D:5)
  2 two-headed ogre simulacra (IceCv)
  14 wights
  An elephant simulacrum (IceCv)
  10 killer bees
  4 howler monkeys
  3 hounds
  2 jellies
  4 gnoll boudas
  15 orc priests
  2 iguanas
  24 orc wizards
  7 spriggan simulacra (IceCv)
  7 hell rats
  2 polar bear simulacra (IceCv)
  5 troll simulacra (IceCv)
  4 wolf simulacra (IceCv)
  18 gnolls
  5 adders
  9 naga simulacra (IceCv)
  3 shadow imps
  17 white imps
  7 ufetubi (IceCv)
  3 worms
  3 dart slugs
  96 orcs
  6 endoplasms
  4 giant cockroaches
  6 goblins
  8 hobgoblins
  4 jackals (D:2)
  3 quokkas
  5 ball pythons
  5 bats
  2 frilled lizards
  8 kobolds
  6 rats
650 creatures vanquished.

Vanquished Creatures (collateral kills)
  A naga sharpshooter (Snake:1)
  A guardian serpent (Snake:1)
  A naga (Snake:1)
3 creatures vanquished.

Vanquished Creatures (others)
  An orc wizard (D:6)
  A dart slug (D:3)
2 creatures vanquished.

Grand Total: 655 creatures vanquished

Notes
Turn   | Place    | Note
-------+----------+-------------------------------------------
     0 | D:1      | Midn8 the Draconian Berserker began the quest for the Orb.
     0 | D:1      | Reached XP level 1. HP: 19/19 MP: 1/1
   205 | D:1      | Reached XP level 2. HP: 25/26 MP: 2/2
   513 | D:1      | Found a faded altar of an unknown god.
   822 | D:2      | Reached XP level 3. HP: 33/33 MP: 3/3
   879 | D:2      | Reached ** piety under Trog
   900 | D:2      | Reached skill level 4 in Unarmed Combat
  1164 | D:2      | Reached XP level 4. HP: 40/40 MP: 4/4
  1654 | D:3      | Reached skill level 5 in Unarmed Combat
  1752 | D:3      | Reached XP level 5. HP: 46/46 MP: 5/5
  2432 | D:3      | Reached skill level 6 in Unarmed Combat
  2672 | D:3      | Reached XP level 6. HP: 14/52 MP: 6/6
  3025 | D:4      | Reached skill level 7 in Unarmed Combat
  3192 | D:4      | Your scales start taking on an icy white colour.
  3192 | D:4      | Reached XP level 7. HP: 45/59 MP: 7/7
  3192 | D:4      | Gained mutation: Your flesh is cold resistant. (rC+) [White
                  | Draconian growth]
  3283 | D:4      | Found a staircase to the Ecumenical Temple.
  3325 | D:4      | Reached skill level 8 in Unarmed Combat
  3402 | D:4      | Found a sparkling altar of Nemelex Xobeh.
  3747 | D:4      | Reached *** piety under Trog
  3748 | D:4      | Reached skill level 1 in Throwing
  3873 | D:5      | Entered Level 5 of the Dungeon
  3891 | D:5      | Found Qidisium's Jewellery Boutique.
  4401 | D:5      | Found a radiant altar of Vehumet.
  4529 | D:5      | Reached XP level 8. HP: 36/67 MP: 8/8
  4674 | D:5      | Found a basalt altar of Yredelemnul.
  4676 | D:5      | Found a radiant altar of Vehumet.
  4676 | D:5      | Found a glowing silver altar of Zin.
  4678 | D:5      | Found a basalt altar of Yredelemnul.
  4678 | D:5      | Found a shimmering altar of Xom.
  4678 | D:5      | Found a snail-covered altar of Cheibriados.
  4999 | D:6      | Found Futtemymu's Antique Weapon Shop.
  5017 | D:6      | Identified the +3 quarterstaff of the Inquisitive Tusks
                  | {flame, Int+3}
  5261 | D:6      | Reached skill level 5 in Fighting
  5261 | D:6      | Reached skill level 9 in Unarmed Combat
  5472 | D:6      | Found a basalt altar of Yredelemnul.
  5755 | D:6      | Found a glowing golden altar of the Shining One.
  6218 | D:7      | Reached skill level 10 in Unarmed Combat
  6331 | D:7      | Reached XP level 9. HP: 46/74 MP: 9/9
  6715 | D:7      | Found a blossoming altar of Fedhas.
  6822 | D:7      | Noticed Menkaure
  6828 | D:7      | Killed Menkaure
  6965 | D:7      | Found the +3 Mad Mage's Maulers {Infuse+∞ VampMP -Cast}
  7299 | D:7      | Found a burning altar of Makhleb.
  7342 | D:7      | Noticed Sigmund
  7357 | D:7      | Killed Sigmund
  7358 | D:7      | Reached skill level 11 in Unarmed Combat
  7484 | D:8      | Reached **** piety under Trog
  7610 | D:8      | Paralysed by a hornet for 2 turns
  7614 | D:8      | Paralysed by a hornet for 1 turns
  7614 | D:8      | HP: 4/81 [wight/+0 long sword (3)]
  7696 | D:8      | Reached skill level 12 in Unarmed Combat
  7898 | D:8      | Reached XP level 10. HP: 72/89 MP: 3/10
  8777 | D:9      | Found a sacrificial altar of Ru.
  8913 | D:9      | Found a hide-covered altar of Uskayaw.
  8996 | D:9      | Reached skill level 5 in Dodging
  9233 | D:9      | Reached skill level 1 in Shields
  9235 | D:9      | Reached ***** piety under Trog
  9784 | D:10     | Entered Level 10 of the Dungeon
  9846 | D:10     | Found a staircase to the Orcish Mines.
 10019 | D:10     | Reached skill level 1 in Evocations
 10077 | D:10     | Noticed Maggie
 10085 | D:10     | Killed Maggie
 10207 | D:10     | Found a runed translucent gate.
 10207 | D:10     | Found a runed translucent gate.
 10208 | D:10     | Found a runed translucent gate.
 10208 | D:10     | Noticed a spectral centaur warrior
 10212 | D:10     | Noticed a spectral centaur warrior
 10212 | D:10     | Noticed Wiilli's ghost (journeyman GrEE)
 10266 | D:10     | Reached XP level 11. HP: 82/95 MP: 1/11
 10596 | D:10     | Noticed Urug
 10604 | D:10     | Killed Urug
 10605 | D:10     | Reached skill level 13 in Unarmed Combat
 10919 | D:10     | Noticed Harold
 10928 | D:10     | Killed Harold
 11017 | D:11     | Noticed Psyche
 11024 | D:10     | Killed Psyche
 11500 | D:11     | Reached skill level 10 in Fighting
 11557 | D:11     | Reached skill level 14 in Unarmed Combat
 11610 | D:11     | Found a staircase to the Lair.
 11617 | D:11     | Noticed an oklob plant
 11679 | D:11     | Killed an oklob plant
 11832 | Lair:1   | Entered Level 1 of the Lair of Beasts
 11851 | Lair:1   | Received a gift from Trog
 11940 | Lair:1   | Found a frozen archway.
 12013 | IceCv    | Entered an ice cave
 12778 | IceCv    | Reached XP level 12. HP: 97/108 MP: 2/12
 12812 | IceCv    | Noticed a reaper
 12888 | IceCv    | Killed a reaper
 13110 | IceCv    | Reached skill level 15 in Unarmed Combat
 13186 | IceCv    | Identified the +6 chain mail of Darkness {rElec Str+3
                  | Dex+2}
 13984 | D:5      | Bought a +4 ring of protection for 504 gold pieces
 14191 | Lair:1   | You fall into a shaft and drop 1 floor!
 14304 | Lair:2   | Received a gift from Trog
 14335 | Lair:2   | Reached skill level 16 in Unarmed Combat
 14425 | Lair:2   | Noticed Amaemon
 14506 | Lair:2   | Killed Amaemon
 14817 | Lair:2   | Reached skill level 1 in Shapeshifting
 14830 | Lair:2   | Reached XP level 13. HP: 119/119 MP: 1/13
 15875 | Lair:3   | Noticed Gastronok
 15914 | Lair:3   | Killed Gastronok
 16032 | Lair:3   | Reached skill level 5 in Shapeshifting
 16908 | Lair:3   | Found a staircase to the Swamp.
 17130 | Lair:3   | Found a staircase to the Snake Pit.
 18084 | Lair:4   | Found a runed translucent door.
 18084 | Lair:4   | Found a viscous altar of Jiyva.
 18084 | Lair:4   | Found a staircase to the Slime Pits.
 18487 | Lair:5   | Entered Level 5 of the Lair of Beasts
 18796 | Lair:4   | Reached ****** piety under Trog
 18926 | Lair:5   | Identified a scroll of acquirement
 19149 | Lair:5   | Received a gift from Trog
 19400 | Lair:5   | Reached skill level 5 in Evocations
 19726 | Lair:5   | Reached XP level 14. HP: 86/127 MP: 14/14
 20381 | Lair:5   | Identified the +5 morningstar "Giantslayer" {flame, rCorr
                  | Stlth+}
 21253 | Orc:1    | Entered Level 1 of the Orcish Mines
 21442 | Orc:1    | Received a gift from Trog
 21600 | Orc:1    | Noticed Sonja
 21607 | Orc:1    | Killed Sonja
 21980 | Orc:2    | Entered Level 2 of the Orcish Mines
 22125 | Orc:2    | Found a staircase to the Elven Halls.
 22335 | Orc:2    | Found Opnous's Assorted Antiques.
 22619 | Orc:2    | Found Irint's Weapon Boutique.
 23116 | Orc:2    | Found Qaawn's Book Shoppe.
 23229 | Orc:2    | Found Soelei's Antique Weapon Boutique.
 23712 | Snake:1  | Entered Level 1 of the Snake Pit
 23931 | Snake:1  | Received a gift from Trog
 23945 | Snake:1  | HP: 9/199 [naga warrior/+0 war axe (7)]
 23947 | Snake:1  | HP: 3/199 [naga/+0 trident (3)]
 23948 | Snake:1  | HP: 1/199 [poisoned by a guardian serpent (bolt of poison)]
 23949 | Snake:1  | Succumbed to a guardian serpent's bolt of poison

Illustrated notes

Levels and vault maps discovered:
D:1:      minmay_arrival_three_doors, layout_loops_cross,
          shapermc_ecumenical_altar_hornbeckon, minmay_tetromino_o2
D:2:      layout_loops_ring
D:3:      layout_loops_ring, minmay_diced_spiral
D:4:      layout_loops_ring, nemelex_spade_bored_becter,
          minmay_temple_entry_drinking_statues
D:5:      layout_cave_pools, lemuel_tele_altar, doesnt_xom_only_xom,
          serial_shops, nicolae_shop_rolling_square
D:6:      layout_gridville, nicolae_tso_swordbearing_angel,
          mainiacjoe_overflow_24_doors, serial_shops,
          nicolae_shop_hallway_stairs
D:7:      layout_basic, fedhas_altar_1, makhleb_blood_cavern_becter,
          dk_noncrumbling_2, sigmund_army, uniq_menkaure
D:8:      hangedman_cross_stitches, layout_basic
D:9:      layout_irregular_city, mainiacjoe_overflow_boulevard,
          nicolae_ru_path_of_blood
D:10:     layout_roguey, orc_0_dummy, gammafunk_ghost_necromancy,
          grunt_ogre_cave, uniq_maggie, uniq_harold, uniq_urug
D:11:     hellmonk_crumbling_castle, layout_rooms, dpeg_oklobed_lair,
          uniq_psyche
D:12:     kennysheep_blocky_room, layout_basic
Lair:1:   layout_long_grid, portal_ice_cave_entry_imps, bh_autumn_forest_stairs
Lair:2:   layout_misc_corridors, minivault_23, lemuel_fruit_tree,
          serial_bayou_shore_a, uniq_amaemon
Lair:3:   layout_long_grid, palyth_hydra_swamp_entry,
          nicolae_snake_entry_squirm, uniq_gastronok
Lair:4:   layout_roguey, slime_entry_2
Lair:5:   grunt_lair_end_beastmaster, layout_regular_city,
          small_statue_intersection, grunt_megastairs_1
Snake:1:  layout_gridlike, grunt_megastairs_4, minmay_shoptagon, uniq_aizul,
          uniq_roxanne
Orc:1:    layout_caves, guppyfry_library_mini, uniq_sonja
Orc:2:    st_orc_town, layout_caves

Skill      XL: |  1  2  3  4  5  6  7  8  9 10 11 12 13 14 |
---------------+-------------------------------------------+-----
Fighting       | 4 6 8 10 12 14 | 14.7
Unarmed Combat | 4 5 6 7 8 10 12 14 16 | 16.4
Throwing       | 4 |  4.0
Dodging        | 6 9 |  9.7
Shields        | 4 |  4.0
Evocations     | 3 4 5 7 |  7.0
Shapeshifting  | 1 9 |  9.0

Action                     |  1- 3 |  4- 6 |  7- 9 | 10-12 | 13-15 || total
---------------------------+-------+-------+-------+-------+-------++-------
  Melee: Unarmed           |   120 |   151 |   353 |   589 |   649 ||  1862
         Tailslap          |    13 |    24 |    50 |    90 |   100 ||   277
         Punch             |     1 |       |       |       |    41 ||    42
  Throw: Dart              |       |     2 |     7 |     1 |     7 ||    17
         Boomerang         |       |       |       |       |     2 ||     2
 Invoke: Berserk           |     1 |     4 |     7 |     4 |     2 ||    18
         Trog's Hand       |       |     1 |     1 |     2 |     3 ||     7
         Brothers in Arms  |       |       |       |       |     1 ||     1
Ability: Breathe Frost     |       |       |     7 |     4 |     2 ||    13
  Evoke: Wand              |       |       |       |       |     2 ||     2
    Use: Scroll            |       |     7 |    13 |     3 |    14 ||    37
         Potion            |       |       |     2 |       |     1 ||     3
   Stab: Sleeping          |     2 |     2 |     2 |     1 |     2 ||     9
         Distracted        |       |     1 |       |     1 |       ||     2
 Armour: Skin              |    26 |    41 |   124 |   143 |   143 ||   477
  Dodge: Dodged            |    72 |    66 |   140 |   255 |   287 ||   820
  Block: Buckler           |    17 |    17 |    48 |    83 |    18 ||   183
   Form: Blade             |       |       |       |       |     2 ||     2
                           |       |       |       |       |     1 ||     1

Table legend: (Time is in decaauts)
 A = Elapsed time spent in this place.
 B = Non-inter-level travel time spent in this place.
 C = Inter-level travel time spent in this place.
 D = Time resting spent in this place.
 E = Time spent auto-exploring this place.
 F = Levels seen in this place.
 G = Mean time per level.
                   A        B        C        D        E       F      G
               +--------+--------+--------+--------+--------+-----+--------+
         Total |  23800 |  22411 |   1389 |   8026 |  10044 |  21 | 1133.3 |
       Dungeon |  12916 |  12052 |    864 |   3585 |   6199 |  12 | 1076.3 |
          Lair |   7223 |   6785 |    438 |   2871 |   2791 |   5 | 1444.6 |
     Snake Pit |    222 |    222 |      0 |    164 |     27 |   1 |  222.0 |
  Orcish Mines |   2229 |   2143 |     86 |    809 |    934 |   2 | 1114.5 |
      Ice Cave |   1207 |   1207 |      0 |    596 |     92 |   1 | 1207.0 |
               +--------+--------+--------+--------+--------+-----+--------+

Top non-repeatable levels by time:
  Lair:3: 2038 daAuts
  Lair:5: 1585 daAuts
     D:7: 1479 daAuts
   Orc:2: 1365 daAuts
    D:10: 1337 daAuts
     D:5: 1315 daAuts
     D:3: 1249 daAuts
  Lair:1: 1227 daAuts
     D:9: 1209 daAuts
   IceCv: 1207 daAuts
  Lair:4: 1186 daAuts
  Lair:2: 1186 daAuts
     D:8: 1140 daAuts
     D:4: 1010 daAuts
    D:11: 994 daAuts
